 Dungeon Crawl Stone Soup version 0.32-a0-22-g6ae6769602 (webtiles) character file.

Game seed: 9374202172210571658

100 jasper the Apothecary (level 4, -1/33 HPs)
             Began as an Armataur Alchemist on Jan 18, 2024.
             Killed by nerve-wracking pain
             ... invoked by an orc priest
              (11 damage)
             ... on level 3 of the Dungeon.
             The game lasted 00:03:43 (1631 turns).

jasper the Apothecary (Armataur Alchemist)          Turns: 1631, Time: 00:03:44

Health: -1/33      AC:  4    Str: 13    XL:     4   Next: 47%
Magic:  2/7        EV:  9    Int: 17    God:
Gold:   133        SH:  0    Dex: 11    Spells: 3/7 levels left

rFire   . . .        e - +1 short sword (elec)
rCold   . . .        (no shield)
rNeg    . . .        a - +0 robe
rPois   .            (no helmet)
rElec   .            (no cloak)
rCorr   .            (no gloves)
SInv    .            (no barding)
Will    .....        (no amulet)
Stlth   ++           (no ring)
HPRegen 0.25/turn    (no ring)
MPRegen 0.76/turn

%: roll
@: no status effects
A: large, deformed body, tough skin 3, armoured tail, roll 1
a: no special abilities


You were on level 3 of the Dungeon.
You visited 1 branch of the dungeon, and saw 3 of its levels.

You collected 133 gold pieces.

Inventory:

Hand Weapons
 e - a +1 short sword of electrocution (weapon)
 f - a +0 dagger of draining
Missiles
 g - 19 stones
Armour
 a - a +0 robe (worn)
Magical Staves
 h - a staff of fire
Jewellery
 c - a ring of flight
Scrolls
 j - a scroll of amnesia
Potions
 b - a potion of magic
 d - 2 potions of curing {unknown}
 k - a potion of attraction {unknown}
 m - a potion of enlightenment {unknown}


   Skills:
 - Level 1.3 Dodging
 - Level 2.1 Stealth
 - Level 2.0 Spellcasting
 + Level 1.4 Conjurations
 + Level 1.0 Air Magic
 * Level 4.3 Alchemy


You had 3 spell levels left.
You knew the following spells:

 Your Spells              Type           Power      Damage    Failure   Level
a - Sting                 Conj/Alch      44%        1d5       6%          1
b - Mephitic Cloud        Conj/Alch/Air  9%         N/A       22%         3

Your spell library contained the following spells:

 Spells                   Type           Power      Damage    Failure   Level
 Mercury Vapours          Alch/Air       20%        N/A       10%         2
 Olgreb's Toxic Radiance  Alch           16%        N/A       32%         4
 Sticky Flame             Fire/Alch      9%         2d5       63%         4


Dungeon Overview and Level Annotations

Branches:
Dungeon (3/15)

Altars:


Innate Abilities, Weirdness & Mutations

Armour fits poorly on your strangely shaped body.
You have extremely tough skin. (AC +3)
You have a long armoured tail.
You regenerate magic when rolling toward enemies. (Rampage MPRegen)


Message History

You now have 3/7 mp.
Something hits the orc priest.
The orc priest invokes the aid of Beogh against you.
You barely resist.
Aiming: Sting (safe; 6% risk of failure)
Press: ? - help, Q - select action, (/) - cycle Shift-Dir - straight line, f/p - orc
Aim: an orc, wielding a +0 hand axe (heavily wounded, 71% to hit)
The sting hits the orc.
The orc is poisoned.
The orc is severely wounded.
You kill the orc!
Something hits the orc priest.
The orc priest calls upon Beogh to heal something.
You hear a shout!
You now have 2/7 mp.
Aiming: Sting (safe; 6% risk of failure)
Press: ? - help, Q - select action, (/) - cycle Shift-Dir - straight line, f - kobold
Aim: a kobold, wielding a +0 whip (64% to hit)
The sting hits the kobold.
The kobold is poisoned.
You kill the kobold!
You now have 1/7 mp.
You aren't carrying any items that you can evoke.
Aiming: Sting (safe; 6% risk of failure)
Press: ? - help, Q - select action, (/) - cycle Shift-Dir - straight line, f - orc priest
Aim: an orc priest, wielding a +0 falchion (lightly wounded, 71% to hit)
The sting hits the orc priest.
The orc priest is poisoned.
The orc priest is moderately wounded.
A bat comes into view.
The orc priest mumbles some strange prayers to Beogh against you.
Pain shoots through your body!
The bat moves out of view.
You take 11 damage, and have 14/33 hp.
MASSIVE DAMAGE!!
You now have 0/7 mp.
You roll towards the orc!
Things that are here:
a +0 whip; a +0 hand axe; an orc corpse You hit the orc priest.
The orc priest is almost dead.
The orc hits you with a +0 hand axe.
A goblin comes into view. It is wielding a +0 dagger.
The orc priest mumbles some strange prayers to Beogh against you.
Pain shoots through your body!
You die...

#..... #..#g##
####. #>.... ......
#.#.##...... #
..####...%.o.....
#....K.............
#....####..##..##.#
...# #oo# .#
####.####@.## #
............#
#..........+
#.#####..###
###.#####..#
#.†..<.....##
###.........#
###+###.....#
............#


You could see an orc priest (poisoned), an orc and a goblin.

Vanquished Creatures
  4 adders
  3 dart slugs
  3 ribbon worms
  An orc (D:3)
  4 ball pythons
  6 endoplasms
  2 giant cockroaches
  4 goblins (D:2)
  6 hobgoblins (D:2)
  A quokka (D:1)
  3 bats
  4 frilled lizards
  5 kobolds
  2 rats
48 creatures vanquished.

Notes
Turn   | Place    | Note
-------+----------+-------------------------------------------
     0 | D:1      | jasper the Armataur Alchemist began the quest for the Orb.
     0 | D:1      | Reached XP level 1. HP: 14/14 MP: 3/3
   252 | D:1      | Reached skill level 3 in Alchemy
   400 | D:1      | Reached XP level 2. HP: 20/20 MP: 5/5
   826 | D:2      | Reached XP level 3. HP: 26/26 MP: 3/6
   830 | D:2      | Learned a level 3 spell: Mephitic Cloud
   978 | D:2      | Reached skill level 1 in Conjurations
   986 | D:2      | Reached skill level 4 in Alchemy
  1099 | D:2      | Reached XP level 4. HP: 28/33 MP: 7/7
  1516 | D:3      | Reached skill level 1 in Air Magic
  1631 | D:3      | Killed from afar by an orc priest

Illustrated notes

Levels and vault maps discovered:
D:1:      minmay_arrival_hallway, layout_loops_ring, grunt_decor_clamped
D:2:      layout_rooms, serial_forest, infiniplex_forest_clump_tiny,
          infiniplex_forest_zigzag_2, infiniplex_forest_lined_2,
          infiniplex_forest_split, infiniplex_forest_clump_diagonal,
          infiniplex_forest_corner_2, infiniplex_forest_straight_4, minivault_26
D:3:      kennysheep_goblin_castle, layout_basic,
          gammafunk_temple_overflow_pools, kennysheep_generic_room_16,
          uniq_jessica, uniq_crazy_yiuf_cottage

Skill      XL: |  1  2  3  4 |
---------------+-------------+-----
Spellcasting   | 2 |  2.0
Alchemy        | 3 4 |  4.3
Conjurations   | 1 |  1.4
Air Magic      | 1 |  1.0
Dodging        | |  1.3
Stealth        | |  2.1

Action                     |  1- 3 |  4- 6 || total
---------------------------+-------+-------++-------
  Melee: Dagger            |    13 |       ||    13
         Unarmed           |     2 |       ||     2
         Short sword       |    12 |     9 ||    21
         Tailslap          |     4 |     1 ||     5
   Cast: Sting             |    55 |    24 ||    79
         Mephitic Cloud    |       |     1 ||     1
    Use: Scroll            |     2 |     4 ||     6
   Stab: Sleeping          |     2 |       ||     2
 Armour: Robe              |    21 |    10 ||    31
  Dodge: Dodged            |    22 |     7 ||    29

Table legend: (Time is in decaauts)
 A = Elapsed time spent in this place.
 B = Non-inter-level travel time spent in this place.
 C = Inter-level travel time spent in this place.
 D = Time resting spent in this place.
 E = Time spent auto-exploring this place.
 F = Levels seen in this place.
 G = Mean time per level.
                   A        B        C        D        E       F      G
               +--------+--------+--------+--------+--------+-----+--------+
         Total |   1628 |   1553 |     75 |    121 |   1132 |   3 |  542.7 |
       Dungeon |   1628 |   1553 |     75 |    121 |   1132 |   3 |  542.7 |
               +--------+--------+--------+--------+--------+-----+--------+

Top non-repeatable levels by time:
     D:2: 771 daAuts
     D:1: 725 daAuts
     D:3: 131 daAuts
